 Dungeon Crawl Stone Soup version 0.17-a0-1647-gb11a595 (webtiles) character file.

236 Svalin the Slicer (level 6, -7/41 HPs)
             Began as a Halfling Fighter on Aug 13, 2015.
             Was a Believer of Nemelex Xobeh.
             Killed from afar by a gnoll shaman (25 damage)
             ... with a wand of fire
             ... on level 4 of the Dungeon.
             The game lasted 00:14:42 (3151 turns).

Svalin the Slicer (Halfling Fighter)                Turns: 3151, Time: 00:14:43

Health: -7/41      AC:  9    Str: 16      XL:     6   Next: 27%
Magic:  6/6        EV: 11    Int:  8      God:    Nemelex Xobeh [**....]
Gold:   154        SH:  0    Dex: 14 (15) Spells: 0 memorised, 5 levels left

rFire  . . .     SeeInvis .     i - +0 dagger (venom)
rCold  . . .     Clarity  .     b - +0 scale mail
rNeg   . . .     SustAt   .     (shield restricted)
rPois  .         Gourm    .     y - +0 helmet
rElec  .         Spirit   .     (no cloak)
rCorr  .         Warding  .     s - +0 pair of gloves (curse)
rMut   .         Stasis   .     (no boots)
MR     .....                    (no amulet)
Stlth  ..........               (no ring)
                                (no ring)

@: not resistant to hostile enchantments, extremely unstealthy
A: mutation resistance 1
a: Renounce Religion


You were on level 4 of the Dungeon.
You worshipped Nemelex Xobeh.
Nemelex Xobeh was pleased with you.
You were not hungry.

You visited 1 branch of the dungeon, and saw 4 of its levels.

You collected 154 gold pieces.

Inventory:

Hand weapons
 a - a cursed +0 rapier
 i - a +0 dagger of venom (weapon)
Armour
 b - a +0 scale mail (worn)
 c - a +0 shield
 s - a cursed +0 pair of gloves (worn)
 y - a +0 helmet (worn)
Magical devices
 t - a wand of magic darts (6)
Scrolls
 f - 4 scrolls of identify {unknown}
 j - a scroll of random uselessness {unknown}
 k - a scroll of remove curse {unknown}
 r - 2 scrolls of teleportation {unknown}
 u - a scroll of immolation {unknown}
Potions
 d - a potion of might
 g - a potion of magic (quivered)
 h - a potion of heal wounds
 l - a potion of mutation {unknown}
 m - a potion of agility
 p - a potion of cure mutation {unknown}
Miscellaneous
 o - a plain deck of escape {drawn: 4}
 q - a plain deck of escape
 v - a plain deck of escape
Comestibles
 e - 3 bread rations
 n - 2 meat rations
 w - 2 chunks of flesh
 x - a beef jerky


   Skills:
 - Level 2.6 Fighting
 + Level 8.1 Short Blades
 - Level 3.2 Armour
 - Level 3.2 Shields


You had 5 spell levels left.
You didn't know any spells.

Dungeon Overview and Level Annotations

Branches:
Dungeon (4/15)
 Temple: D:4-7

Altars:
Ashenzari
Nemelex Xobeh


Innate Abilities, Weirdness & Mutations

You are small and have problems with some larger weapons.
You are somewhat resistant to further mutation.


Message History

The jackal bites you but does no damage.
You hit the jackal.
You kill the jackal!
You hit the gnoll.
The gnoll is lightly wounded.
The gnoll hits you with a whip.
You kill the gnoll!
The gnoll shaman zaps a wand.
The bolt of fire hits you!
You hit the gnoll shaman but do no damage.
You hit the gnoll shaman but do no damage.
The gnoll shaman is poisoned.
The gnoll shaman zaps a wand.
The bolt of fire misses you.
You hit the gnoll shaman but do no damage.
The gnoll shaman looks even sicker.
The gnoll hits you but does no damage.
You hit the gnoll shaman.
The gnoll shaman is lightly wounded.
The gnoll shaman zaps a wand.
The bolt of fire hits you!
Ouch! That really hurt!
You die...
Your body glows slightly and disappears.

+....).g8#...hg.
#....#g......g..
#...)#########'' #....#
#....# #....#
############'''†#######
..............gg.......
≈≈≈≈≈≈≈≈≈≈≈≈...@≈≈≈≈≈≈≈
≈≈≈≈≈≈≈≈≈≈≈≈....≈≈≈≈≈≈≈
≈≈≈≈≈≈≈≈≈≈≈≈....§≈≈≈≈≈≈
.......................
.................>...##
..#######...<###...#.#
#.#### .....#
#.######.....#
#.........#..#


You could see a gnoll shaman and a gnoll.

Vanquished Creatures
  A scorpion (D:4)
  Ijyb (D:3)
  A hound skeleton (D:4)
  2 adders
  5 gnolls (D:4)
  2 ball pythons
  7 bats
  4 giant cockroaches
  6 hobgoblins
  11 jackals
  7 kobolds
  4 quokkas
  4 giant geckos
  A giant newt (D:2)
  9 goblins
  7 rats
72 creatures vanquished.

Vanquished Creatures (collateral kills)
  Robin (D:3)
  5 goblins (D:3)
  3 hobgoblins (D:3)
  A kobold (D:3)
  A quokka (D:3)
11 creatures vanquished.

Grand Total: 83 creatures vanquished

Notes
Turn   | Place    | Note
--------------------------------------------------------------
     0 | D:1      | Svalin the Halfling Fighter began the quest for the Orb.
     0 | D:1      | Reached XP level 1. HP: 15/15 MP: 1/1
   117 | D:1      | Found a sparkling altar of Nemelex Xobeh.
   128 | D:1      | Became a worshipper of Nemelex Xobeh the Trickster
   134 | D:1      | Received a gift from Nemelex Xobeh
   308 | D:1      | Reached XP level 2. HP: 18/20 MP: 2/2
   434 | D:1      | Reached skill level 4 in Short Blades
   783 | D:2      | Reached XP level 3. HP: 18/25 MP: 3/3
  1068 | D:2      | Received a gift from Nemelex Xobeh
  1153 | D:2      | Reached skill level 5 in Short Blades
  1363 | D:2      | Reached XP level 4. HP: 30/30 MP: 4/4
  1974 | D:3      | Received a gift from Nemelex Xobeh
  2034 | D:3      | Noticed Robin
  2050 | D:3      | Killed Robin
  2057 | D:3      | Reached skill level 6 in Short Blades
  2099 | D:3      | Found a shattered altar of Ashenzari.
  2288 | D:3      | Noticed Ijyb
  2300 | D:3      | Killed Ijyb
  2300 | D:3      | Reached XP level 5. HP: 17/35 MP: 5/5
  2782 | D:3      | Received a gift from Nemelex Xobeh
  3014 | D:4      | Reached skill level 7 in Short Blades
  3043 | D:4      | Reached XP level 6. HP: 39/41 MP: 6/6
  3108 | D:4      | Reached skill level 8 in Short Blades
  3151 | D:4      | Killed from afar by a gnoll shaman

Vault maps used:
D:1:      tarquinn_simple_flora_water_b, nemelex_xobeh_ov_fountains_minmay
D:3:      evilmike_ruin_ashenzari, uniq_robin, uniq_iyjb
D:4:      lemuel_castle_with_subvaults, minmay_temple_entry_overgrown,
          first_bread, uniq_duvessa, uniq_grinder

Action                   |  1- 3 |  4- 6 || total
-------------------------+-------+-------++-------
Melee: Rapier            |   129 |    62 ||   191
       Dagger            |       |    84 ||    84
Evoke: Deck              |       |     9 ||     9
  Use: Potion            |       |     6 ||     6
  Eat: Chunk             |     2 |     3 ||     5
       Fruit             |       |     3 ||     3
